 Dungeon Crawl Stone Soup version 0.28-a0-664-gc179e30c89 (webtiles) character file.

Game seed: 2494648301480604447

359 voltaire321 the Chiller (level 6, -2/46 HPs)
             Began as a Demonspawn Ice Elementalist on Oct 17, 2021.
             Slain by a phantom (7 damage)
             ... on level 4 of the Dungeon.
             The game lasted 00:13:47 (3978 turns).

voltaire321 the Chiller (DsIE)                      Turns: 3978, Time: 00:13:48

Health: -2/46      AC:  9    Str:  9    XL:     6   Next: 37%
Magic:  2/11       EV: 13    Int: 18    God:
Gold:   154        SH:  0    Dex: 13    Spells: 5/12 levels left

rFire   . . .      SeeInvis .   f - staff of cold
rCold   + . .      Faith    .   (no shield)
rNeg    . . .      Spirit   .   a - +1 robe
rPois   +          Reflect  .   (helmet restricted)
rElec   .          Harm     .   (no cloak)
rCorr   .          Rampage  .   (no gloves)
Will    .....                   (no boots)
Stlth   ++........              (no amulet)
HPRegen 0.15/turn               c - ring of poison resistance
MPRegen 0.24/turn               (no ring)

@: sanguine armoured, very slightly contaminated
A: horns 1, magic regeneration, sanguine armour 1
a: no special abilities


You were on level 4 of the Dungeon.
You visited 1 branch of the dungeon, and saw 4 of its levels.

You collected 154 gold pieces.

Inventory:

Hand Weapons
 n - a +1 dagger of venom
Armour
 a - a +1 robe (worn)
Magical Staves
 f - a staff of cold (weapon)
Jewellery
 c - a ring of poison resistance (left hand)
 j - a ring of protection from cold
 m - a ring of ice
Scrolls
 d - a scroll of silence
 g - a scroll of vulnerability {unknown}
 i - 5 scrolls of identify
 l - a scroll of blinking
 o - a scroll of brand weapon {unknown}
Potions
 b - a potion of ambrosia {unknown}
 e - a potion of cancellation
 h - a potion of haste
 k - a potion of heal wounds {unknown}


   Skills:
 + Level 2.9 Fighting
 + Level 3.4 Dodging
 - Level 1.7 Stealth
 + Level 3.5 Spellcasting
 + Level 4.6 Ice Magic


You had 5 spell levels left.
You knew the following spells:

 Your Spells              Type           Power      Damage    Failure   Level
a - Freeze                Ice            100%       1d11      2%          1
b - Frozen Ramparts       Ice            60%        1d8       7%          3
c - Ozocubu's Armour      Ice            30%        N/A       7%          3

Your spell library contained the following spells:

 Spells                   Type           Power      Damage    Failure   Level
 Summon Small Mammal      Summ           12%        N/A       16%         1
 Call Canine Familiar     Summ           3%         N/A       43%         3
 Conjure Flame            Conj/Fire      3%         6-21      43%         3
 Ignite Poison            Fire/Tmut/Pois 3%         N/A       43%         3
 Summon Guardian Golem    Hex/Summ       3%         N/A       43%         3
 Hailstorm                Conj/Ice       17%        3d6       52%         4
 Sticky Flame             Conj/Fire      3%         2d3       83%         4


Dungeon Overview and Level Annotations

Branches:
Dungeon (4/15)
 Temple: D:4-7

Altars:


Innate Abilities, Weirdness & Mutations

You have a pair of small horns on your head.
You regenerate magic rapidly.
When seriously injured, your bleeding wounds create armour. (AC +6)


Message History

The phantom misses you.
Casting: Frozen Ramparts (dangerous; 7% risk of failure)
Confirm with . or Enter, or press ? or * to list all spells.
Casting: Frozen Ramparts (dangerous; 7% risk of failure)
Press: ? - help, Dir - look around, f - activate You feel a surge of power!
You miscast Frozen Ramparts.
You are very lightly contaminated with residual magic.
Nothing appears to happen.
The phantom hits you but does no damage.
Casting: Frozen Ramparts (dangerous; 7% risk of failure)
Confirm with . or Enter, or press ? or * to list all spells.
Aiming: Freeze (safe; 2% risk of failure)
Press: ? - help, Shift-Dir - straight line, f - phantom
Aim: a phantom (severely damaged)
You feel a surge of power!
You freeze the phantom.
The phantom resists.
The phantom is severely damaged.
The phantom completely misses you.
You hit the phantom but do no damage.
The phantom is severely damaged.
The phantom hits you.
You closely miss the phantom.
The phantom is severely damaged.
The phantom hits you.
The phantom blinks!
You blink.
The phantom hits you!
* * * LOW HITPOINT WARNING * * *
The phantom blinks!
You blink.
You closely miss the phantom.
The phantom is severely damaged.
The phantom hits you.
* * * LOW HITPOINT WARNING * * *
You hit the phantom but do no damage. Your headbutt misses the phantom.
The phantom is severely damaged.
The phantom closely misses you.
Okay, then.
You hit the phantom.
The phantom is severely damaged.
The phantom hits you.
* * * LOW HITPOINT WARNING * * *
The phantom hits you!
You die...

.......#####.........##
....#### #..#......... .
....# +..#...........W.....
#.###
#####..........###...... #..#
#...............##..... ...#
.....##..<...#........$ #..#
#...##....#.##......### ##
####
##.......#.#.........###. #
###.)..@..............#.
#...W.................
#.....................
#...................#.
###....#....)#.......### #
###............#........#
#...#..............#.......##
..........#...#........#.###
..........#...#.....#.####


You could see a phantom.

Vanquished Creatures
  2 ogres (D:4)
  An iguana (D:4)
  An orc wizard (D:3)
  6 adders
  A worm (D:3)
  A dart slug (D:2)
  7 orcs
  7 ball pythons
  4 endoplasms
  3 giant cockroaches
  7 goblins
  8 hobgoblins
  4 jackals (D:2)
  5 kobolds
  2 quokkas
  5 bats
  7 frilled lizards
  A jackal skeleton (D:4)
  9 rats
81 creatures vanquished.

Vanquished Creatures (others)
  7 plants (D:3)
7 creatures vanquished.

Grand Total: 88 creatures vanquished

Notes
Turn   | Place    | Note
-------+----------+-------------------------------------------
     0 | D:1      | voltaire321 the Demonspawn Ice Elementalist began the quest
                  | for the Orb.
     0 | D:1      | Reached XP level 1. HP: 13/13 MP: 3/3
   321 | D:1      | Gained mutation: When seriously injured, your bleeding
                  | wounds create armour. (AC +6) [demonic ancestry]
   321 | D:1      | Reached XP level 2. HP: 16/20 MP: 3/5
   723 | D:1      | Found a faded altar of an unknown god.
  1007 | D:2      | Reached skill level 1 in Fighting
  1173 | D:2      | Gained mutation: You have a pair of small horns on your
                  | head. [demonic ancestry]
  1173 | D:2      | Reached XP level 3. HP: 26/26 MP: 4/6
  1199 | D:2      | Learned a level 3 spell: Frozen Ramparts
  1585 | D:2      | Reached skill level 4 in Ice Magic
  1855 | D:2      | Reached XP level 4. HP: 32/32 MP: 4/7
  1859 | D:2      | Learned a level 3 spell: Ozocubu's Armour
  3034 | D:3      | Gained mutation: You regenerate magic rapidly. [demonic
                  | ancestry]
  3034 | D:3      | Reached XP level 5. HP: 24/38 MP: 9/9
  3444 | D:4      | Noticed an ogre
  3457 | D:4      | Killed an ogre
  3522 | D:4      | Noticed a phantom
  3566 | D:4      | Noticed an ogre
  3577 | D:4      | Killed an ogre
  3578 | D:4      | Reached XP level 6. HP: 23/46 MP: 4/11
  3978 | D:4      | Slain by a phantom

Illustrated notes

Levels and vault maps discovered:
D:1:      eino_arrival_cavern_c, layout_basic,
          shapermc_ecumenical_altar_notcrosses
D:2:      layout_basic, corner_web_ring
D:3:      layout_basic, chequers_big_river
D:4:      layout_cave_pools, grunt_temple_overflow_order_and_chaos_2,
          supply_closet_lemuel

Skill      XL: |  1  2  3  4  5 |
---------------+----------------+-----
Dodging        | 2 3 |  3.4
Fighting       | 1 2 |  2.9
Ice Magic      | 4 |  4.6
Spellcasting   | 3 |  3.5
Stealth        | |  1.7

Action                   |  1- 3 |  4- 6 || total
-------------------------+-------+-------++-------
Melee: Dagger            |    42 |    10 ||    52
       Headbutt          |     2 |    11 ||    13
       Staff             |       |    54 ||    54
 Cast: Freeze            |    61 |    50 ||   111
       Frozen Ramparts   |     1 |     4 ||     5
       Ozocubu's Armour  |       |     2 ||     2
  Use: Scroll            |       |     8 ||     8
 Stab: Sleeping          |     4 |     2 ||     6
Armor: Robe              |    20 |    28 ||    48
Dodge: Dodged            |    85 |    61 ||   146

Table legend: (Time is in decaauts)
 A = Elapsed time spent in this place.
 B = Non-inter-level travel time spent in this place.
 C = Inter-level travel time spent in this place.
 D = Time resting spent in this place.
 E = Time spent auto-exploring this place.
 F = Levels seen in this place.
 G = Mean time per level.
                   A        B        C        D        E       F      G
               +--------+--------+--------+--------+--------+-----+--------+
         Total |   3997 |   3820 |    177 |   1043 |   1897 |   4 |  999.2 |
       Dungeon |   3997 |   3820 |    177 |   1043 |   1897 |   4 |  999.2 |
               +--------+--------+--------+--------+--------+-----+--------+

Top non-repeatable levels by time:
     D:3: 1303 daAuts
     D:2: 1221 daAuts
     D:1: 905 daAuts
     D:4: 566 daAuts
